 Dungeon Crawl Stone Soup version 0.21.1-1-g345015fe64 (webtiles) character file.

600 Lentor the Slasher (level 7, -6/61 HPs)
             Began as a Black Draconian Berserker on June 8, 2018.
             Was a Priest of Trog.
             Mangled by a two-headed ogre
             ... wielding a cursed -1 dire flail
              (17 damage)
             ... on level 6 of the Dungeon.
             The game lasted 00:07:41 (3403 turns).

Lentor the Slasher (Black Draconian Berserker)      Turns: 3403, Time: 00:07:42

Health: -6/61      AC: 13    Str: 22    XL:     7   Next: 18%
Magic:  7/7        EV: 13    Int:  7    God:    Trog [***...]
Gold:   289        SH:  0    Dex: 10    Spells: 6/6 levels left

rFire    . . .     SeeInvis .   p - +0 great sword
rCold    . . .     Gourm    +   (shield currently unavailable)
rNeg     . . .     Faith    .   (armour unavailable)
rPois    .         Spirit   .   (helmet restricted)
rElec    +         Reflect  .   (no cloak)
rCorr    .         Harm     .   (no gloves)
MR       .....                  (no boots)
Stlth    ++........             i - amulet of the gourmand
HPRegen  0.20/turn              t - +3 ring of protection
MPRegen  0.10/turn              A - +4 ring of protection

@: berserk cooldown, slowed, very slow
A: breathe lightning, unfitting armour, electricity resistance, cold-blooded, AC
+6
a: Breathe Lightning, Berserk, Trog's Hand, Burn Spellbooks, Renounce Religion


You were on level 6 of the Dungeon.
You worshipped Trog.
Trog was most pleased with you.
You were near starving.

You visited 2 branches of the dungeon, and saw 7 of its levels.

You collected 289 gold pieces.

Inventory:

Hand Weapons
 a - a +0 falchion
 p - a +0 great sword (weapon)
Jewellery
 i - an amulet of the gourmand (around neck)
 t - a +3 ring of protection (left hand)
 u - a +2 ring of evasion
 A - a +4 ring of protection (right hand)
 D - an uncursed ring of magical power {unknown}
Wands
 h - a wand of iceblast (10)
 s - a wand of disintegration (10)
 w - a wand of enslavement (26)
 y - a wand of random effects (6)
Scrolls
 c - 2 scrolls of remove curse {unknown}
 e - a scroll of fog {unknown}
 g - 2 scrolls of identify {unknown}
 j - a scroll of immolation {unknown}
 k - 5 scrolls of teleportation {unknown}
 m - 2 scrolls of random uselessness {unknown}
 x - a scroll of enchant armour {unknown}
Potions
 d - 2 potions of magic {unknown}
 f - a potion of cancellation {unknown}
 l - a potion of brilliance {unknown}
 n - 2 potions of curing {unknown}
 o - a potion of resistance {unknown}
 q - a potion of might {unknown}
 r - a potion of lignification {unknown}
 v - a potion of flight {unknown}
 z - a potion of haste {unknown}
 B - a potion of heal wounds {unknown}
 C - a potion of berserk rage {unknown}
Comestibles
 b - 12 rations


   Skills:
 + Level 5.0 Fighting
 + Level 6.1 Long Blades
 + Level 4.5 Dodging
 + Level 1.3 Stealth


You had 6 spell levels left.
You didn't know any spells.

Dungeon Overview and Level Annotations

Branches:
Dungeon (6/15)             Temple (1/1) D:5

Altars:
Ashenzari
Cheibriados
Elyvilon
Hepliaklqana
Kikubaaqudgha
Makhleb
Nemelex Xobeh
Okawaru
Ru
Sif Muna
Trog
Vehumet
Xom
Yredelemnul
Zin

Annotations:
D:6 Kohma's ghost, novice TrBe


Innate Abilities, Weirdness & Mutations

You can breathe wild blasts of lightning.
Your glossy black scales are hard. (AC +6)
You cannot fit into any form of body armour.
You are resistant to electric shocks. (rElec)
You are cold-blooded and may be slowed by cold attacks.


Message History

Your tail-slap misses Kohma's ghost.
Kohma's ghost is heavily damaged.
You closely miss Kohma's ghost.
Your tail-slap misses Kohma's ghost.
Kohma's ghost is heavily damaged.
Kohma's ghost hits you.
You barely miss Kohma's ghost.
Kohma's ghost is moderately damaged.
Kohma's ghost hits you!
A two-headed ogre and a skeleton come into view.
You feel a strong urge to attack something.
You are no longer berserk.
You are exhausted.
You feel yourself slow down. The two-headed ogre misses you.
You riposte.
You hit the two-headed ogre but do no damage.
The two-headed ogre hits you with a giant club.
The two-headed ogre hits you with a dire flail!
* * * LOW HITPOINT WARNING * * *
The two-headed ogre hits you with a giant club!
You die...

.....#.......
#...........
#..........
#..........
#.......Z..
#..........
##W.#.......
.#####O..##.....#
.......@## ######
##.......#
######<.## #....#
#.##...[# #.
###..# ## ... .#
#


You could see a two-headed ogre and Kohma's ghost.

Vanquished Creatures
  A phantom (D:4)
  2 ogres
  The ghost of gorpus the Digger, a weakling OpEE (D:3)
  A crimson imp (D:6)
  An orc priest (D:5)
  A centaur skeleton (D:4)
  A worker ant (D:6)
  A gnoll (D:1)
  5 adders
  2 shadow imps
  2 oozes (D:5)
  2 worms (D:2)
  4 dart slugs
  3 leopard geckos
  3 orcs (D:5)
  8 bats
  16 giant cockroaches
  23 goblins
  6 hobgoblins
  10 jackals
  2 quokkas
  4 frilled lizards
  A jackal skeleton (D:4)
  A kobold (D:3)
  6 rats
107 creatures vanquished.

Notes
Turn   | Place    | Note
-------+----------+-------------------------------------------
     0 | D:1      | Lentor the Draconian Berserker began the quest for the Orb.
     0 | D:1      | Reached XP level 1. HP: 19/19 MP: 1/1
    96 | D:1      | Reached XP level 2. HP: 17/26 MP: 2/2
   370 | D:2      | Found a shattered altar of Ashenzari.
   524 | D:2      | Reached XP level 3. HP: 33/33 MP: 3/3
   601 | D:2      | Reached ** piety under Trog
  1350 | D:2      | Reached skill level 4 in Long Blades
  1350 | D:2      | Reached XP level 4. HP: 40/40 MP: 4/4
  1751 | D:3      | Noticed gorpus's ghost (weakling OpEE)
  1757 | D:3      | Killed gorpus's ghost
  1933 | D:3      | Found a deep blue altar of Sif Muna.
  2019 | D:3      | Reached XP level 5. HP: 46/46 MP: 5/5
  2034 | D:3      | Reached *** piety under Trog
  2215 | D:4      | Reached skill level 1 in Stealth
  2261 | D:4      | Found a white marble altar of Elyvilon.
  2269 | D:4      | Noticed an ogre
  2271 | D:4      | Noticed a phantom
  2273 | D:4      | Killed an ogre
  2273 | D:4      | Reached skill level 5 in Long Blades
  2273 | D:4      | Reached XP level 6. HP: 53/53 MP: 6/6
  2469 | D:4      | Identified the Guide on Toxins
  2612 | D:5      | Entered Level 5 of the Dungeon
  2806 | D:5      | Found a deep blue altar of Sif Muna.
  2821 | D:5      | Found a staircase to the Ecumenical Temple.
  2942 | D:5      | Reached skill level 6 in Long Blades
  2988 | D:5      | Found an iron altar of Okawaru.
  2999 | D:5      | Your scales start taking on a glossy black colour.
  2999 | D:5      | Reached XP level 7. HP: 56/60 MP: 7/7
  2999 | D:5      | Gained mutation: You are resistant to electric shocks. (rElec) [Black Draconian growth]
  3066 | D:5      | Found a hazy altar of Hepliaklqana.
  3152 | Temple   | Entered the Ecumenical Temple
  3380 | D:6      | Reached skill level 5 in Fighting
  3389 | D:6      | Noticed Kohma's ghost (novice TrBe)
  3399 | D:6      | Noticed a two-headed ogre
  3403 | D:6      | Mangled by a two-headed ogre

Skill      XL: |  1  2  3  4  5  6  7 |
---------------+----------------------+-----
Dodging        | 3 4 |  4.5
Long Blades    | 4 5 6 |  6.1
Fighting       | 4 5 |  5.0
Stealth        | 1 |  1.3

Action                   |  1- 3 |  4- 6 |  7- 9 || total
-------------------------+-------+-------+-------++-------
Melee: Falchion          |   101 |    73 |       ||   174
       Tailslap          |    17 |    22 |     1 ||    40
       Great sword       |       |    62 |    12 ||    74
Invok: Berserk           |     2 |     6 |     1 ||     9
       Burn Spellbooks   |       |     1 |       ||     1
 Abil: Breathe Lightning |       |       |     2 ||     2
 Stab: Sleeping          |     1 |     1 |       ||     2
  Eat: Ration            |     1 |       |       ||     1
       Chunk             |       |    13 |       ||    13
Armor: Skin              |    18 |    41 |     4 ||    63
Dodge: Dodged            |    75 |   135 |     8 ||   218
       Rpst.: Falchion   |    27 |    24 |       ||    51
       Great sword       |       |    20 |     5 ||    25
